Map: Ruins of Seras

Players

sirko

  • Race: Zerg Zerg

Hanuman - Winner!

  • Race: Zerg Zerg

VOD

Have the link to the VOD?

Description

Time

  • Played on: Feb. 4, 2016, 2:14 p.m.
  • Length: 5:19
Show
View Real Time Build Order
Export as new Build Order

sirko Zerg 

Build Orders: Hatch First 

Get SALT Encoding   

  12  0:04  Drone  
  13  0:16  Overlord  
  14  0:21  Drone  
  14  0:53  Hatchery  
  13  1:08  Spawning Pool  
  13  1:10  Drone  
  13  1:21  Drone x2  
  15  1:26  Drone  
  16  1:36  Drone  
  16  1:59  Zergling x4  
  18  2:06  Zergling x2  
  19  2:11  Extractor  
  19  2:12  Zergling x2  
  19  2:16  Queen  
  19  2:18  Queen  
  23  2:27  Extractor  
  22  2:30  Zergling x4  
  22  2:35  Zergling x4  
  26  2:39  Overlord  
  26  2:43  Overlord  
  26  2:56  Roach Warren  
  25  3:05  Zergling x4  
  25  3:15  Zergling x6  
  20  3:37  Zergling x10  
  20  3:55  Zergling x2  
  20  3:56  Zergling x2  
  22  4:10  Roach x3  
  25  4:38  Roach x2  
  25  4:39  Roach x2  
Show
View Real Time Build Order
Export as new Build Order

Hanuman Zerg - Winner!

Build Orders: Pool First 

Get SALT Encoding   

  12  0:01  Drone  
  13  0:14  Drone, Extractor  
  13  0:32  Spawning Pool  
  12  0:35  Drone  
  12  0:40  Drone  
  14  0:46  Extractor  
  13  0:50  Drone  
  15  1:00  Overlord  
  15  1:18  Queen  
  15  1:20  Zergling x2  
  18  1:27  Metabolic Boost  
  18  1:31  Zergling x2  
  19  1:35  Zergling x2  
  20  1:42  Zergling x2  
  21  1:49  Zergling x2  
  22  2:07  Hatchery  
  21  2:10  Zergling x2  
  22  2:17  Overlord  
  23  2:37  Zergling x8  
  23  2:38  Zergling x2  
  27  2:52  Drone  
  28  3:10  Drone  
  28  3:11  Drone  
  30  3:13  Overlord  
  25  3:35  Zergling x8  
  27  3:44  Zergling x4  
  27  3:46  Queen  
  31  3:56  Zergling x4  
  33  4:07  Zergling x4  
  34  4:15  Zergling x2  
  35  4:17  Zergling x6  
  38  4:26  Overlord  
  38  4:42  Drone x3  
  41  4:47  Drone x4  
  39  5:18  Roach Warren  
Tags
 
Add a new tag
Caveats
  • Supply blocks, unpowered buildings, or Contaminate may cause inaccurate times.
  • Supply counts are checked every 10 seconds.